Map: Triton LE

Players

Serral - Winner!

  • Race: Zerg Zerg
  • Spawn Location: 5:00

Neeb

  • Race: Protoss Protoss
  • Spawn Location: 11:00

VOD

Have the link to the VOD?

Description

Time

  • Played on: Sept. 8, 2019, 4:24 p.m.
  • Length: 15:38
Show
View Real Time Build Order
Export as new Build Order

Serral Zerg - Winner!

Build Orders: Hatch First, Brood Lord Corruptor, Lurkers, Roach Hydra 

Get SALT Encoding   

  12  0:00  Drone  
  13  0:12  Overlord  
  13  0:16  Drone  
  14  0:31  Drone x2  
  16  0:48  Hatchery  
  15  0:51  Drone  
  15  0:55  Drone  
  17  0:58  Drone  
  18  1:09  Extractor  
  17  1:13  Spawning Pool  
  17  1:16  Drone  
  17  1:20  Drone  
  18  1:28  Drone  
  19  1:38  Drone  
  20  1:49  Overlord  
  20  1:59  Queen  
  20  2:00  Queen  
  20  2:01  Zergling x4  
  26  2:11  Drone x2  
  28  2:22  Drone x2  
  30  2:28  Hatchery  
  29  2:34  Drone  
  29  2:35  Pneumatized Carapace  
  30  2:42  Queen  
  32  2:47  Overlord  
  32  2:53  Drone  
  32  2:58  Drone x2  
  35  2:59  Drone  
  36  3:10  Metabolic Boost, Drone x2  
  37  3:14  Zergling x2  
  37  3:16  Overlord  
  37  3:17  Drone x2  
  40  3:21  Drone  
  40  3:25  Queen  
  43  3:30  Spore Crawler  
  43  3:33  Zergling x2  
  43  3:34  Drone  
  43  3:37  Drone  
  43  3:40  Drone x2  
  47  3:41  Drone  
  47  3:45  Queen  
  47  3:48  Zergling x2  
  51  3:52  Overlord  
  51  3:56  Drone x2  
  51  3:58  Spore Crawler  
  52  4:03  Drone  
  52  4:04  Drone x3  
  56  4:10  Overlord  
  56  4:11  Drone x2  
  56  4:14  Zergling x2  
  56  4:15  Drone  
  60  4:23  Drone x3  
  63  4:25  Roach Warren  
  63  4:30  Zergling x2  
  63  4:31  Drone  
  64  4:32  Drone  
  64  4:33  Lair  
  64  4:35  Drone x2  
  67  4:41  Drone  
  67  4:42  Extractor x2, Drone x2  
  67  4:44  Queen  
  70  4:51  Drone x3  
  73  4:54  Spore Crawler  
  73  4:59  Overlord  
  72  5:00  Drone  
  72  5:03  Extractor  
  72  5:07  Overlord  
  72  5:08  Overlord, Drone  
  72  5:12  Overlord  
  73  5:16  Overlord  
  73  5:18  Drone  
  73  5:19  Drone x4  
  73  5:20  Drone x3  
  81  5:29  Drone x3  
  81  5:31  Queen  
  81  5:32  Drone x2  
  83  5:39  Spire  
  83  5:40  Drone x3  
  83  5:42  Drone x3  
  86  5:47  Overseer  
  85  5:50  Extractor  
  85  5:51  Extractor  
  85  5:52  Overlord  
  85  5:53  Roach x5  
  85  5:56  Queen  
  95  6:00  Overlord  
  95  6:03  Roach  
  94  6:12  Drone x2  
  94  6:17  Drone  
  97  6:20  Overlord  
  97  6:21  Overlord  
  97  6:25  Hatchery  
  95  6:26  Roach x3  
  95  6:27  Zergling x10, Roach  
  107  6:38  Ravager x2  
  107  6:39  Zergling x6  
  112  6:46  Overlord  
  112  6:54  Mutalisk x8  
  128  7:05  Mutalisk  
  128  7:06  Mutalisk  
  128  7:07  Zergling x6  
  133  7:16  Baneling Nest  
  133  7:18  Hydralisk Den  
  130  7:23  Glial Reconstitution  
  130  7:27  Overlord x4  
  128  7:40  Overlord  
  128  7:45  Queen  
  128  7:50  Grooved Spines  
  130  7:52  Lurker Den, Drone x16  
  130  7:57  Infestation Pit  
  144  7:59  Hydralisk  
  146  8:07  Hydralisk x3  
  152  8:13  Hydralisk x3  
  158  8:25  Hydralisk  
  158  8:26  Hydralisk x4  
  168  8:29  Extractor  
  168  8:31  Extractor  
  168  8:33  Evolution Chamber  
  165  8:34  Evolution Chamber  
  165  8:35  Hive  
  165  8:38  Spore Crawler  
  165  8:40  Drone x4  
  167  8:42  Overlord x2  
  167  8:45  Hydralisk x4  
  167  8:46  Hatchery  
  174  8:52  Hydralisk x2  
  174  8:53  Zergling x10  
  183  9:01  Zerg Missile Weapons Level 1  
  183  9:02  Muscular Augments  
  181  9:17  Zergling x32  
  196  9:26  Zerg Melee Weapons Level 1  
  196  9:30  Lurker  
  196  9:31  Lurker x3  
  200  9:39  Overlord  
  200  9:53  Extractor, Overseer  
  200  9:55  Extractor  
  200  9:56  Greater Spire, Adaptive Talons  
  197  10:05  Drone x2  
  197  10:18  Hydralisk x3  
  195  10:34  Hydralisk  
  195  10:35  Hydralisk x11  
  180  10:52  Drone x3, Queen  
  180  10:54  Hydralisk x3  
  180  10:55  Zergling x20  
  195  10:57  Zergling x2  
  195  10:58  Zergling x2  
  189  11:05  Zerg Missile Weapons Level 2  
  189  11:07  Overseer  
  185  11:18  Corruptor x7  
  183  11:21  Lurker x2, Zerg Melee Weapons Level 2  
  197  11:41  Overlord x3  
  197  11:44  Pathogen Glands  
  197  11:45  Burrow  
  195  12:00  Brood Lord x3  
  199  12:05  Spore Crawler  
  199  12:06  Brood Lord x4, Spore Crawler x3  
  199  12:07  Spore Crawler  
  199  12:08  Spore Crawler  
  203  12:33  Hatchery  
  202  12:39  Zerg Flyer Weapons Level 1  
  202  12:41  Neural Parasite  
  202  12:55  Extractor  
  202  12:56  Extractor  
  198  12:59  Hatchery  
  198  13:04  Lurker  
  198  13:05  Lurker  
  199  13:16  Drone  
  187  13:27  Corruptor  
  187  13:28  Corruptor x3  
  191  13:35  Zergling x14  
  191  13:36  Zergling x2  
  191  13:37  Baneling Nest  
  195  14:05  Brood Lord x2  
  193  14:12  Brood Lord x2  
  183  14:22  Hydralisk x5  
  183  14:23  Zergling x36  
  195  14:43  Hydralisk x2  
  199  14:50  Spire  
Show
View Real Time Build Order
Export as new Build Order

Neeb Protoss 

Build Orders: 1 Gate Expand, Oracle Opening, Phoenix Opening, Archon Immortal 

Get SALT Encoding   

  12  0:00  Probe  
  13  0:12  Probe  
  14  0:18  Pylon  
  14  0:24  Probe  
  14  0:28  Assimilator  
  15  0:34  Probe  
  15  0:42  Probe  
  16  0:44  Gateway  
  17  0:51  Probe  
  18  1:03  Probe  
  19  1:15  Probe  
  20  1:23  Nexus  
  20  1:32  Cybernetics Core  
  20  1:35  Probe  
  21  1:40  Assimilator  
  21  1:47  Probe  
  21  1:50  Pylon  
  22  1:58  Adept  
  22  2:00  Probe  
  25  2:12  Probe  
  25  2:15  Stargate  
  26  2:21  Probe  
  26  2:23  Warp Gate  
  26  2:28  Adept  
  26  2:29  Probe  
  29  2:31  Probe  
  31  2:38  Probe  
  31  2:39  Probe  
  33  2:49  Gateway  
  33  2:50  Probe  
  34  2:53  Oracle  
  34  2:54  Probe  
  35  3:02  Probe  
  39  3:06  Probe  
  39  3:08  Pylon  
  40  3:14  Probe  
  40  3:18  Probe  
  42  3:22  Assimilator  
  42  3:23  Phoenix  
  42  3:24  Assimilator  
  42  3:26  Probe  
  43  3:30  Probe  
  46  3:38  Probe  
  47  3:42  Probe  
  47  3:45  Pylon  
  47  3:46  Robotics Facility  
  48  3:50  Oracle  
  48  3:51  Probe  
  48  3:54  Probe  
  53  4:03  Probe  
  53  4:06  Probe  
  55  4:12  Adept  
  55  4:15  Probe  
  55  4:16  Pylon  
  58  4:18  Probe  
  58  4:20  Oracle  
  59  4:29  Nexus  
  59  4:31  Immortal  
  62  4:32  Pylon  
  62  4:34  Probe  
  63  4:43  Probe  
  68  4:47  Sentry  
  68  4:51  Probe  
  71  4:53  Pylon  
  71  4:55  Probe  
  71  4:56  Pylon  
  72  5:01  Sentry  
  72  5:04  Probe  
  75  5:07  Probe  
  75  5:09  Immortal  
  80  5:16  Probe  
  80  5:17  Forge  
  80  5:18  Twilight Council  
  80  5:19  Probe  
  82  5:28  Probe  
  83  5:30  Pylon  
  83  5:32  Probe  
  84  5:40  Probe  
  84  5:41  Observer  
  82  5:44  Probe, Protoss Ground Weapons Level 1  
  82  5:46  Gateway  
  82  5:47  Probe  
  85  5:50  Gateway  
  85  5:51  Stalker x2  
  85  5:53  Probe  
  85  5:56  Probe  
  85  5:57  Charge  
  91  5:59  Probe  
  92  6:05  Probe  
  93  6:12  Probe x2  
  93  6:15  Assimilator  
  93  6:17  Assimilator  
  99  6:18  Zealot  
  99  6:20  Warp Prism  
  99  6:22  Zealot  
  99  6:23  Probe  
  99  6:24  Probe  
  99  6:25  Probe  
  104  6:26  Templar Archives  
  104  6:31  Pylon  
  104  6:35  Gateway  
  104  6:36  Gateway  
  104  6:47  Immortal  
  104  6:52  Zealot x4  
  111  6:55  Probe x2  
  111  7:00  Probe  
  114  7:07  Probe  
  115  7:09  Probe  
  115  7:11  Psionic Storm  
  115  7:12  Probe  
  117  7:22  Gateway, High Templar x3  
  121  7:23  High Templar  
  121  7:25  Pylon  
  125  7:32  Photon Cannon  
  125  7:35  Pylon  
  125  7:37  Robotics Facility  
  125  7:43  Archon  
  125  7:44  Archon  
  122  7:46  Stalker x2  
  122  7:47  Photon Cannon  
  122  7:49  Photon Cannon  
  123  7:53  Blink  
  123  7:54  Shield Battery  
  123  7:55  Shield Battery x2  
  123  7:57  Stalker x4  
  126  8:07  Probe x2  
  126  8:08  Probe  
  126  8:11  Stalker  
  126  8:12  Phoenix, Stalker  
  130  8:17  Stalker  
  130  8:19  Probe x2  
  127  8:20  Probe  
  127  8:23  Stargate  
  127  8:27  Probe x2  
  127  8:28  Probe  
  130  8:35  Probe x2  
  130  8:37  Phoenix  
  132  8:44  Pylon x2  
  134  8:51  Immortal  
  136  8:55  Pylon  
  134  9:13  Robotics Facility  
  134  9:15  High Templar x3  
  140  9:20  Pylon  
  140  9:21  High Templar  
  140  9:23  Immortal  
  140  9:24  Zealot x2, High Templar  
  153  9:31  Probe x3  
  155  9:44  Probe x3  
  158  9:47  High Templar x2  
  162  9:55  Zealot  
  162  9:56  Photon Cannon  
  162  9:57  Nexus  
  164  10:00  Photon Cannon, Pylon  
  164  10:01  Shield Battery  
  164  10:03  Pylon  
  164  10:06  Observer, Pylon  
  165  10:10  Pylon  
  165  10:16  Immortal  
  165  10:21  Zealot x7  
  167  10:27  Probe x2  
  171  10:35  Probe  
  164  10:38  Immortal  
  161  10:48  Archon  
  161  10:49  Archon  
  153  10:50  Immortal  
  153  10:51  High Templar  
  153  10:52  High Templar x3  
  153  10:56  High Templar x2  
  153  11:08  Immortal  
  153  11:09  Stalker  
  157  11:20  Nexus  
  157  11:23  Pylon  
  157  11:25  Immortal  
  157  11:27  Archon x2  
  157  11:29  Stalker x4  
  163  11:47  Stalker x3  
  163  11:49  Immortal  
  163  11:51  Pylon  
  167  11:58  Probe x2  
  167  12:09  High Templar  
  167  12:10  High Templar x2  
  173  12:19  Shield Battery  
  173  12:20  Shield Battery, Forge  
  173  12:22  Shield Battery  
  173  12:26  Probe x2  
  173  12:27  Stalker  
  173  12:28  Assimilator  
  177  12:30  Assimilator  
  173  12:45  Stargate  
  173  12:49  Stargate  
  173  12:54  Stalker x2  
  173  12:55  Stalker x3  
  173  12:56  Stalker x2  
  181  13:18  Zealot x4  
  183  13:25  Nexus  
  167  13:34  Fleet Beacon  
  167  13:37  Zealot  
  167  13:38  Zealot x5  
  167  13:40  Pylon  
  178  13:42  Pylon  
  178  13:45  Pylon  
  177  14:01  Stalker x3  
  177  14:08  High Templar  
  177  14:09  High Templar x3  
  179  14:13  Archon x2  
  179  14:16  Tempest x3  
  161  14:28  Stalker x3  
  160  14:57  Zealot x2  
  148  15:26  Archon  
  126  15:31  Zealot x2  
Tags
 
Add a new tag
Caveats
  • Supply blocks, unpowered buildings, or Contaminate may cause inaccurate times.
  • Supply counts are checked every 10 seconds.